[ AOE2 MATCH · #495835970 ]
UnrankedTeutons vs Turks
Player's team · WIN
Rival team · LOSS
[ REPLAY ANALYSIS · EXTRACTED FROM THE RECORDED GAME ]
Feudal
10:16
Castle
18:51
Imperial
—
| APM avg | 23.9 |
| APM peak | 49 |
| eAPM avg | 19.1 |
| Villagers / military | 56 / 52 |
Focus
⚔️ 28.3% · 🌾 71.7%
Teutonic Knight ×31 · Battering Ram ×14 · Mangonel ×7
Feudal
10:59
Castle
16:55
Imperial
30:49
| APM avg | 21.4 |
| APM peak | 55 |
| eAPM avg | 15.8 |
| Villagers / military | 42 / 10 |
Focus
⚔️ 34.6% · 🌾 65.4%
Monk ×4 · Mangonel ×3 · Janissary ×2 · Scorpion ×1
Match map
Initial resources + every placement click. Lines = walls · curves = elevation contours. ◆ gold · ⬟ stone · ● berries · ✦ relic · ◌ wall gap
Your base· ✓ Closed at 18:51 · 0t walls · 2 gate(s)
AOE_Franklin's base· ✓ Closed at 16:55 · 13t walls · 3 gate(s)
Smoothed initial terrain · ◌ = detected wall gap · hover for details
Inputs per minute
— luckyseven2 - - AOE_Franklin
Build order — luckyseven2
First 150 of 158 actions detected
| 0:02 | Create | Villager (Male) |
| 0:02 | Create | Villager (Male) |
| 0:02 | Create | Villager (Male) |
| 0:02 | Create | Villager (Male) |
| 0:03 | Create | Villager (Male) |
| 0:06 | Build | House |
| 0:10 | Build | House |
| 1:29 | Create | Villager (Male) |
| 1:29 | Create | Villager (Male) |
| 1:29 | Create | Villager (Male) |
| 1:50 | Build | Lumber Camp |
| 1:56 | Create | Villager (Male) |
| 2:30 | Create | Villager (Male) |
| 2:30 | Create | Villager (Male) |
| 2:30 | Create | Villager (Male) |
| 2:45 | Create | Villager (Male) |
| 2:45 | Create | Villager (Male) |
| 3:31 | Create | Villager (Male) |
| 3:31 | Create | Villager (Male) |
| 3:31 | Create | Villager (Male) |
| 3:36 | Build | House |
| 3:39 | Create | Villager (Male) |
| 3:47 | Build | House |
| 3:52 | Research | Loom |
| 4:05 | Create | Villager (Male) |
| 4:06 | Create | Villager (Male) |
| 4:06 | Create | Villager (Male) |
| 4:06 | Create | Villager (Male) |
| 4:55 | Create | Villager (Male) |
| 4:55 | Create | Villager (Male) |
| 4:56 | Create | Villager (Male) |
| 4:56 | Create | Villager (Male) |
| 4:56 | Create | Villager (Male) |
| 4:56 | Create | Villager (Male) |
| 5:06 | Build | Mill |
| 5:35 | Create | Villager (Male) |
| 6:14 | Create | Villager (Male) |
| 6:19 | Create | Villager (Male) |
| 6:19 | Create | Villager (Male) |
| 7:46 | Build | Mining Camp |
| 7:57 | Research | Feudal Age |
| 7:57 | Research | Feudal Age |
| 7:57 | Research | Feudal Age |
| 7:57 | Research | Feudal Age |
| 7:57 | Research | Feudal Age |
| 8:11 | Build | Mining Camp |
| 8:56 | Build | Farm |
| 9:03 | Build | Farm |
| 9:06 | Build | Farm |
| 9:13 | Build | Farm |
| 9:40 | Create | Villager (Male) |
| 9:40 | Create | Villager (Male) |
| 10:16 | Age | Feudal Age |
| 10:58 | Research | Double-Bit Axe |
| 11:01 | Create | Villager (Male) |
| 11:01 | Create | Villager (Male) |
| 11:33 | Create | Villager (Male) |
| 11:37 | Build | House |
| 11:38 | Build | House |
| 11:57 | Build | Watch Tower |
| 12:10 | Build | Blacksmith |
| 12:53 | Research | Fletching |
| 13:03 | Create | Villager (Male) |
| 13:03 | Create | Villager (Male) |
| 13:12 | Build | Farm |
| 13:29 | Build | Farm |
| 13:35 | Build | Farm |
| 13:35 | Build | Farm |
| 14:00 | Create | Villager (Male) |
| 14:00 | Create | Villager (Male) |
| 14:48 | Build | Watch Tower |
| 15:18 | Build | Market |
| 15:21 | Create | Villager (Male) |
| 15:21 | Create | Villager (Male) |
| 15:45 | Build | Watch Tower |
| 16:01 | Research | Castle Age |
| 16:01 | Research | Castle Age |
| 17:04 | Build | Mining Camp |
| 17:44 | Build | House |
| 17:45 | Build | House |
| 18:20 | Create | Villager (Male) |
| 18:20 | Create | Villager (Male) |
| 18:51 | Age | Castle Age |
| 18:58 | Build | Castle |
| 19:09 | Create | Villager (Male) |
| 19:09 | Create | Villager (Male) |
| 19:24 | Build | Siege Workshop |
| 20:15 | Create | Villager (Male) |
| 20:15 | Create | Villager (Male) |
| 20:26 | Create | Battering Ram |
| 20:26 | Create | Battering Ram |
| 20:28 | Create | Teutonic Knight |
| 20:29 | Create | Teutonic Knight |
| 20:29 | Create | Teutonic Knight |
| 20:29 | Create | Teutonic Knight |
| 20:52 | Create | Teutonic Knight |
| 21:27 | Create | Battering Ram |
| 21:27 | Create | Battering Ram |
| 21:48 | Create | Teutonic Knight |
| 22:13 | Create | Teutonic Knight |
| 22:13 | Create | Teutonic Knight |
| 22:38 | Create | Battering Ram |
| 23:28 | Create | Mangonel |
| 23:28 | Create | Mangonel |
| 23:44 | Create | Villager (Male) |
| 23:44 | Create | Villager (Male) |
| 24:31 | Build | Castle |
| 24:38 | Create | Battering Ram |
| 24:38 | Create | Battering Ram |
| 25:04 | Create | Battering Ram |
| 25:35 | Research | Bodkin Arrow |
| 25:35 | Research | Bodkin Arrow |
| 26:06 | Create | Villager (Male) |
| 26:06 | Create | Villager (Male) |
| 26:41 | Create | Teutonic Knight |
| 26:51 | Build | Farm |
| 27:18 | Create | Teutonic Knight |
| 27:18 | Create | Teutonic Knight |
| 27:30 | Build | Mining Camp |
| 27:39 | Create | Battering Ram |
| 27:39 | Create | Battering Ram |
| 27:42 | Create | Mangonel |
| 27:48 | Build | Siege Workshop |
| 27:56 | Create | Villager (Male) |
| 27:57 | Create | Villager (Male) |
| 28:22 | Create | Teutonic Knight |
| 28:22 | Create | Teutonic Knight |
| 28:26 | Create | Mangonel |
| 28:26 | Create | Mangonel |
| 28:36 | Build | Farm |
| 28:39 | Create | Villager (Male) |
| 29:57 | Create | Mangonel |
| 30:13 | Create | Teutonic Knight |
| 30:14 | Create | Teutonic Knight |
| 30:14 | Create | Teutonic Knight |
| 30:14 | Create | Teutonic Knight |
| 30:14 | Create | Teutonic Knight |
| 30:15 | Create | Teutonic Knight |
| 30:15 | Create | Teutonic Knight |
| 30:18 | Create | Battering Ram |
| 30:22 | Create | Battering Ram |
| 30:35 | Build | Farm |
| 30:35 | Build | Farm |
| 31:12 | Create | Teutonic Knight |
| 31:12 | Create | Teutonic Knight |
| 31:13 | Create | Teutonic Knight |
| 31:13 | Create | Teutonic Knight |
| 32:13 | Create | Teutonic Knight |
| 32:13 | Create | Teutonic Knight |
| 32:14 | Create | Teutonic Knight |
Build order — AOE_Franklin
106 actions detected in the replay
| 0:01 | Create | Villager (Male) |
| 0:01 | Create | Villager (Male) |
| 0:04 | Build | House |
| 0:06 | Build | House |
| 0:12 | Create | Villager (Male) |
| 0:22 | Create | Villager (Male) |
| 1:43 | Create | Villager (Male) |
| 1:44 | Create | Villager (Male) |
| 1:59 | Create | Villager (Male) |
| 2:32 | Create | Villager (Male) |
| 2:40 | Build | Lumber Camp |
| 2:44 | Create | Villager (Male) |
| 2:56 | Create | Villager (Male) |
| 3:29 | Create | Villager (Male) |
| 4:06 | Create | Villager (Male) |
| 4:12 | Build | House |
| 4:21 | Create | Villager (Male) |
| 4:35 | Create | Villager (Male) |
| 4:47 | Create | Villager (Male) |
| 4:59 | Create | Villager (Male) |
| 5:23 | Create | Villager (Male) |
| 5:31 | Create | Villager (Male) |
| 5:40 | Build | Mill |
| 5:53 | Create | Villager (Male) |
| 6:00 | Build | House |
| 6:07 | Create | Villager (Male) |
| 6:37 | Create | Villager (Male) |
| 6:50 | Create | Villager (Male) |
| 7:53 | Build | Mining Camp |
| 7:59 | Create | Villager (Male) |
| 8:38 | Research | Feudal Age |
| 8:44 | Build | House |
| 8:46 | Build | House |
| 10:06 | Build | Mining Camp |
| 10:14 | Create | Villager (Male) |
| 10:32 | Build | Farm |
| 10:34 | Build | Farm |
| 10:49 | Build | Farm |
| 10:59 | Age | Feudal Age |
| 11:27 | Create | Villager (Male) |
| 11:34 | Create | Villager (Male) |
| 11:46 | Build | Blacksmith |
| 12:02 | Create | Villager (Male) |
| 12:37 | Create | Villager (Male) |
| 12:42 | Build | House |
| 12:49 | Create | Villager (Male) |
| 13:09 | Build | Market |
| 13:18 | Create | Villager (Male) |
| 13:33 | Research | Double-Bit Axe |
| 13:57 | Build | Stone Wall |
| 14:11 | Create | Villager (Male) |
| 14:15 | Research | Castle Age |
| 14:15 | Research | Loom |
| 14:34 | Build | Stone Wall |
| 15:55 | Build | Stone Wall |
| 16:00 | Create | Villager (Male) |
| 16:37 | Build | Lumber Camp |
| 16:55 | Age | Castle Age |
| 17:32 | Create | Villager (Male) |
| 17:53 | Build | Castle |
| 18:04 | Create | Villager (Male) |
| 18:40 | Build | Mining Camp |
| 19:06 | Research | Horse Collar |
| 19:07 | Research | Horse Collar |
| 19:12 | Build | Farm |
| 19:14 | Build | Farm |
| 19:16 | Build | Farm |
| 20:04 | Create | Villager (Male) |
| 20:05 | Create | Villager (Male) |
| 20:10 | Build | Farm |
| 20:12 | Build | Farm |
| 20:14 | Build | Farm |
| 20:15 | Build | Farm |
| 20:36 | Build | Town Center |
| 20:47 | Create | Villager (Male) |
| 21:06 | Build | Farm |
| 21:08 | Build | Farm |
| 21:10 | Build | Farm |
| 21:13 | Build | Farm |
| 22:09 | Build | Farm |
| 22:12 | Build | Farm |
| 22:15 | Create | Janissary |
| 22:15 | Create | Janissary |
| 24:10 | Create | Villager (Male) |
| 24:10 | Create | Villager (Male) |
| 24:36 | Build | Siege Workshop |
| 25:24 | Build | Market |
| 25:59 | Create | Mangonel |
| 27:39 | Research | Imperial Age |
| 27:40 | Research | Imperial Age |
| 28:06 | Create | Scorpion |
| 28:11 | Build | House |
| 28:15 | Build | House |
| 28:17 | Build | House |
| 28:23 | Build | Town Center |
| 28:56 | Build | Monastery |
| 29:47 | Create | Monk |
| 29:55 | Create | Mangonel |
| 30:04 | Create | Villager (Male) |
| 30:24 | Create | Villager (Male) |
| 30:25 | Create | Villager (Male) |
| 30:49 | Age | Imperial Age |
| 32:15 | Create | Monk |
| 32:15 | Create | Monk |
| 32:15 | Create | Monk |
| 32:45 | Create | Mangonel |
Match timeline
| 10:16 | luckyseven2 · age_up feudal |
| 10:59 | AOE_Franklin · age_up feudal |
| 13:57 | AOE_Franklin · wall_segment Stone Wall x6 |
| 14:34 | AOE_Franklin · wall_segment Stone Wall x6 |
| 15:55 | AOE_Franklin · wall_segment Stone Wall x1 |
| 16:06 | luckyseven2 · first_market_sell 100 wood |
| 16:09 | luckyseven2 · first_market_buy 100 stone |
| 16:55 | AOE_Franklin · age_up castle |
| 17:53 | AOE_Franklin · first_building Castle |
| 18:51 | luckyseven2 · age_up castle |
| 18:58 | luckyseven2 · first_building Castle |
| 19:03 | AOE_Franklin · first_market_buy 100 food |
| 19:24 | luckyseven2 · first_building Siege Workshop |
| 24:36 | AOE_Franklin · first_building Siege Workshop |
| 28:56 | AOE_Franklin · first_building Monastery |
| 30:49 | AOE_Franklin · age_up imperial |
| 33:10 | luckyseven2 · first_building Barracks |
| 34:26 | AOE_Franklin · resign |
[ AI ANALYSIS · 1 CREDIT ]
What really happened in this match?
Wolo.gg analyzes every decision: build order, eco, micro, common mistakes by bracket. Personalized analysis on WhatsApp or Discord in 30 seconds.
Civ guide
Teutons
Perfil
luckyseven2